 Dungeon Crawl Stone Soup version 0.29-a0-317-gd16b76e6b1 (webtiles) character file.

Game seed: 6108590851234644771

158 Dabor the Vexing (level 5, -2/52 HPs)
             Began as an Ogre Arcane Marksman on Mar 31, 2022.
             Was a Follower of Vehumet.
             Slain by an orc wizard
             ... wielding a +0 dagger
              (4 damage)
             ... on level 3 of the Dungeon.
             The game lasted 00:12:41 (4887 turns).

Dabor the Vexing (Ogre Arcane Marksman)             Turns: 4887, Time: 00:12:41

Health: -2/52      AC:  6    Str: 14    XL:     5   Next: 39%
Magic:  7/8        EV: 10    Int: 20    God:    Vehumet [*.....]
Gold:   7          SH:  0    Dex: 11    Spells: 4/8 levels left

rFire   . . .      SeeInvis .   a - +0 hunting sling
rCold   . . .      Faith    .   (no shield)
rNeg    . . .      Spirit   .   b - +0 robe
rPois   .          Reflect  .   j - +2 hat
rElec   .          Harm     .   f - +0 cloak
rCorr   .          Rampage  .   (gloves unavailable)
Will    .....                   (boots unavailable)
Stlth   +.........              (no amulet)
HPRegen 0.17/turn               h - +6 ring of intelligence
MPRegen 0.11/turn               (no ring)

@: confused
A: large, unfitting armour, tough skin 1
a: Renounce Religion


You were on level 3 of the Dungeon.
You worshipped Vehumet.
Vehumet was aware of your devotion.
You visited 1 branch of the dungeon, and saw 3 of its levels.

You collected 117 gold pieces.
You spent 110 gold pieces at shops.

Inventory:

Hand Weapons
 a - a +0 hunting sling (weapon)
Armour
 b - a +0 robe (worn)
 f - a +0 cloak (worn)
 j - a +2 hat (worn)
Jewellery
 h - a +6 ring of intelligence (left hand)
Wands
 k - a wand of digging (7)
Scrolls
 c - a scroll of identify
 d - a scroll of magic mapping
 e - a scroll of blinking
 i - 2 scrolls of teleportation
 l - 2 scrolls of enchant armour
 o - a scroll of fog
 p - a scroll of enchant weapon
Potions
 s - a potion of mutation


   Skills:
 + Level 2.9 Fighting
 - Level 1.3(1.6) Slings
 + Level 1.6(2.1) Throwing
 + Level 2.5 Dodging
 + Level 2.3 Spellcasting
 + Level 3.2 Hexes
 * Level 1.7 Translocations


You had 4 spell levels left.
You knew the following spells:

 Your Spells              Type           Power      Damage    Failure   Level
a - Slow                  Hex            60%        N/A       4%          1
b - Portal Projectile     Hex/Tloc       24%        N/A       16%         3

Your spell library contained the following spells:

 Spells                   Type           Power      Damage    Failure   Level
 Foxfire                  Conj/Fire      8%         2x1d4     16%         1
 Inner Flame              Hex/Fire       8%         N/A       24%         3
 Cause Fear               Hex            7%         N/A       36%         4


Dungeon Overview and Level Annotations

Branches:
Dungeon (3/15)

Altars:
Kikubaaqudgha
Makhleb
Ru
Vehumet

Shops:
D:2 *

Annotations:
D:2 1 runed translucent door, Crazy Yiuf


Innate Abilities, Weirdness & Mutations

You are too large for most types of armour.
You have tough skin. (AC +1)


Message History

* * * LOW HITPOINT WARNING * * *
Fire: a) +0 hunting sling
Press: ? - help, Shift-Dir - straight line You shoot a sling bullet.
Something hits you but does no damage.
Fire: a) +0 hunting sling
Press: ? - help, Shift-Dir - straight line You shoot a sling bullet.
Something hits you but does no damage. Something hits you.
* * * LOW HITPOINT WARNING * * *
Fire: a) +0 hunting sling
Press: ? - help, Shift-Dir - straight line You shoot a sling bullet.
Something hits you.
* * * LOW HITPOINT WARNING * * *
Fire: a) +0 hunting sling
Press: ? - help, Shift-Dir - straight line You shoot a sling bullet.
Something hits you but does no damage. Something hits you.
* * * LOW HITPOINT WARNING * * *
Fire: a) +0 hunting sling
Press: ? - help, Shift-Dir - straight line You shoot a sling bullet.
Something hits you.
* * * LOW HITPOINT WARNING * * *
Fire: a) +0 hunting sling
Press: ? - help, Shift-Dir - straight line You shoot a sling bullet.
Something hits you but does no damage.
Fire: a) +0 hunting sling
Press: ? - help, Shift-Dir - straight line You shoot a sling bullet.
Something hits you.
* * * LOW HITPOINT WARNING * * *
Something hits you but does no damage.
Fire: a) +0 hunting sling
Press: ? - help, Shift-Dir - straight line You shoot a sling bullet.
You hear some strange, mumbled words.
You are confused.
Unknown command.
You shoot a sling bullet. Something hits you.
* * * LOW HITPOINT WARNING * * *
Something hits you.
You die...

≈#≈#≈≈##.#.........§§.....#..####
≈≈≈#≈#≈#.....##..§§.##)..........
≈≈≈#≈#≈#.....##...............#.#
###≈≈#≈#...........)###...#...#.#
# #≈##≈#..##..#.....# #...#...#.#
# #≈##≈######.####..###....._....
# #≈##≈#.......# #...............
###≈##≈###.....###..###..<....#.#
≈####≈≈#.......{@.........##..#.#
≈## #≈≈#.......).)..............>
≈≈# #≈≈#........##..#.....(......
≈≈# #≈####......##..#.....##.....
≈≈# #≈####.###............##..###
≈####≈#.............#.#...##..#
≈#.#....##.###..##........##..#
≈#......##.......#..#.#...##..###
≈#...............................


There were no monsters in sight!

Vanquished Creatures
  5 gnolls
  3 adders
  2 worms
  6 orcs (D:3)
  3 ball pythons (D:1)
  2 bats
  7 endoplasms
  3 giant cockroaches
  6 goblins
  7 hobgoblins
  4 jackals (D:2)
  3 quokkas
  A frilled lizard (D:2)
  6 kobolds
  7 rats
65 creatures vanquished.

Vanquished Creatures (others)
  2 plants (D:3)
2 creatures vanquished.

Grand Total: 67 creatures vanquished

Notes
Turn   | Place    | Note
-------+----------+-------------------------------------------
     0 | D:1      | Dabor the Ogre Arcane Marksman began the quest for the Orb.
     0 | D:1      | Reached XP level 1. HP: 19/19 MP: 2/2
   405 | D:1      | Reached XP level 2. HP: 28/28 MP: 4/4
  1035 | D:1      | Found a faded altar of an unknown god.
  1361 | D:1      | Prayed at the altar of an unknown god.
  1361 | D:1      | Became a worshipper of Vehumet
  1361 | D:1      | Reached * piety under Vehumet
  1361 | D:1      | Offered knowledge of Shock by Vehumet.
  1451 | D:2      | Reached XP level 3. HP: 35/35 MP: 5/5
  1473 | D:2      | Reached skill level 1 in Throwing
  1473 | D:2      | Reached skill level 3 in Hexes
  1492 | D:2      | Learned a level 3 spell: Portal Projectile
  1717 | D:2      | Identified a scroll of acquirement
  1717 | D:2      | Acquired a +2 hat
  1736 | D:2      | Found Mecazeaq's General Store.
  2404 | D:2      | Found a runed translucent door.
  2405 | D:2      | Noticed Crazy Yiuf
  2455 | D:3      | Found an ancient bone altar of Kikubaaqudgha.
  2490 | D:3      | Reached XP level 4. HP: 40/44 MP: 5/7
  2601 | D:2      | Reached skill level 1 in Translocations
  3060 | D:3      | Found a sacrificial altar of Ru.
  3173 | D:3      | Identified the +1 ring mail of Shadows and Fog {-Tele Fly
                  | rC+}
  3417 | D:2      | Bought a scroll of identify for 22 gold pieces
  3417 | D:2      | Bought a potion of mutation for 88 gold pieces
  3576 | D:3      | Offered knowledge of Foxfire by Vehumet.
  3578 | D:3      | Reached ** piety under Vehumet
  3579 | D:3      | Reached XP level 5. HP: 35/50 MP: 8/8
  4047 | D:3      | Noticed a kobold brigand
  4174 | D:3      | Found a burning altar of Makhleb.
  4237 | D:3      | Found a radiant altar of Vehumet.
  4857 | D:3      | HP: 2/52 [orc wizard/puff of flame (12)]
  4887 | D:3      | HP: 2/52 [something (2)]
  4887 | D:3      | Slain by an orc wizard

Illustrated notes

Levels and vault maps discovered:
D:1:      giann_bridges, layout_basic, basic_ecumenical_altar,
          chequers_serial_rivers_room_a, corexii_hall_statues_i,
          skrybe_limestone_x
D:2:      layout_loops_ring, serial_shops, nicolae_shop_crystal, st_stairs_13,
          uniq_crazy_yiuf_cottage
D:3:      lemuel_castle_with_subvaults [lemuel_castle_interior_carwin_2],
          layout_basic, grunt_temple_overflow_lords_of_destruction,
          mainiacjoe_overflow_concentric_impassable, overflow_temple_1_default,
          chequers_serial_rivers_large_b

Skill      XL: |  1  2  3  4 |
---------------+-------------+-----
Dodging        | 2 |  2.5
Fighting       | 2 |  2.9
Throwing       | 1 |  1.6
Hexes          | 3 |  3.2
Spellcasting   | 2 |  2.3
Translocations | 1 |  1.7
Slings         | |  1.3

Action                   |  1- 3 |  4- 6 || total
-------------------------+-------+-------++-------
 Fire: Hunting sling     |   196 |   522 ||   718
Throw: Javelin           |       |     6 ||     6
 Cast: Slow              |    10 |    22 ||    32
       Portal Projectile |       |    10 ||    10
  Use: Scroll            |     6 |     6 ||    12
       Potion            |       |     5 ||     5
Armor: Robe              |    46 |   240 ||   286
Dodge: Dodged            |    67 |   183 ||   250

Table legend: (Time is in decaauts)
 A = Elapsed time spent in this place.
 B = Non-inter-level travel time spent in this place.
 C = Inter-level travel time spent in this place.
 D = Time resting spent in this place.
 E = Time spent auto-exploring this place.
 F = Levels seen in this place.
 G = Mean time per level.
                   A        B        C        D        E       F      G
               +--------+--------+--------+--------+--------+-----+--------+
         Total |   5219 |   4820 |    399 |    573 |   2769 |   3 | 1739.7 |
       Dungeon |   5219 |   4820 |    399 |    573 |   2769 |   3 | 1739.7 |
               +--------+--------+--------+--------+--------+-----+--------+

Top non-repeatable levels by time:
     D:2: 1938 daAuts
     D:3: 1852 daAuts
     D:1: 1428 daAuts
